AoeStats
← Sparten gio

Arabia

503755231Analyzed
1v1 RM · 1mo ago on Sep 2, 2026· 28m 38s· 2 players
Game mode
Random Map
Map size
Tiny (2 player)
Population
200
Speed
Normal
Resources
Standard
Victory
Conquest
Starting age
Dark Age
Ending age
Imperial Age
RankedLock teamsTeams togetherTeam positionsShared explorationLock speedFull tech treeHidden civsTurbo modeCheats
Victory
Defeat
🇺🇸 Bulgarians · United States
856
+18
🇺🇸 Poles · United States
893
-18
Robert the Bruised
7:53 Loom
10:29 Feudal Age
15:16 Castle Age
21:22 Scale Barding Armor
23:58 Forging
27:04 Chain Barding Armor
Sparten gio
8:28 Loom
11:49 Feudal Age
12:24 Double-Bit Axe
13:00 Horse Collar
19:44 Castle Age
19:38 Forging
19:35 Scale Barding Armor
21:10 Bloodlines
21:02 Husbandry
Connection lost

Rejoining the realm…

Still unreachable

The connection could not be restored.

Session expired

The server has moved on; the page needs a fresh start.